 Dungeon Crawl Stone Soup version 0.17-a0-1-g1f4be75 (console) character file.

11577 Fusha the Nimble (level 12, -3/104 HPs)
             Began as a Human Wanderer on Mar 7, 2015.
             Slain by a white ugly thing (14 damage)
             ... on level 11 of the Dungeon on Mar 8, 2015.
             The game lasted 00:57:23 (14805 turns).

Fusha the Nimble (Human Wanderer)                  Turns: 14805, Time: 00:57:24

Health: -3/104     AC: 11    Str: 17 (18) XL:     12   Next: 9%
Magic:  23/23      EV: 21    Int: 11      God:    Xom [......]
Gold:   978        SH:  0    Dex: 21      Spells: 2 memorised, 15 levels left

rFire  + . .     SeeInvis +     k - +4 quarterstaff (chaos)
rCold  . . .     Clarity  .     Q - +3 leather armour {rPois}
rNeg   . . .     SustAb   .     (no shield)
rPois  +         Gourm    .     V - +0 hat {SInv}
rElec  .         Spirit   .     l - +2 cloak (curse)
rCorr  .         Warding  .     J - +1 pair of gloves {Str+3}
rMut   .         Stasis   .     (no boots)
MR     .....                    u - amulet of rage
Stlth  ++........               H - ring of protection from fire (curse)
                                m - +6 ring of dexterity

@: not resistant to hostile enchantments, unstealthy
A: antennae 1, hooves 1, blurry vision 1, dopey 1, robust 1, wild magic 1,
evolution 1
a: Renounce Religion, Evoke Berserk Rage


You were on level 11 of the Dungeon.
You worshipped Xom.
You were a very special plaything of Xom.
You were not hungry.

You visited 2 branches of the dungeon, and saw 12 of its levels.

You collected 978 gold pieces.

Inventory:

Hand weapons
 k - a +4 quarterstaff of chaos (weapon)
Missiles
 n - 4 javelins
Armour
 l - a cursed +2 cloak (worn)
 J - a +1 pair of gloves of strength (worn)
 Q - a +3 leather armour of poison resistance (worn)
 V - a +0 hat of see invisible (worn)
Jewellery
 m - a +6 ring of dexterity (left hand)
 u - an amulet of rage (around neck)
 H - a cursed ring of protection from fire (right hand)
Magical devices
 p - a wand of fireball (4)
 s - a wand of teleportation (1)
 A - a wand of flame (0) (quivered)
 B - a wand of draining (0)
 I - a wand of slowing (35)
 L - a wand of frost (20)
 M - a wand of fire (5)
 U - a wand of magic darts (35)
 X - a wand of cold (9)
 Y - a wand of paralysis (10)
Scrolls
 a - a scroll of enchant weapon {unknown}
 e - 2 scrolls of noise
 f - a scroll of holy word {unknown}
 i - 4 scrolls of magic mapping
 j - 3 scrolls of random uselessness
 q - a scroll of vulnerability {unknown}
 r - 3 scrolls of teleportation
 v - 5 scrolls of immolation {unknown}
 x - 2 scrolls of fog {unknown}
 C - a scroll of blinking {unknown}
 D - 3 scrolls of fear {unknown}
 F - 7 scrolls of remove curse {unknown}
 O - a scroll of amnesia
 T - a scroll of recharging {unknown}
Potions
 b - a potion of magic
 c - 3 potions of curing
 o - 2 potions of brilliance
 w - 2 potions of restore abilities
 E - a potion of might
 G - 2 potions of mutation
 P - a potion of flight {unknown}
 S - a potion of agility
 W - a potion of heal wounds
 Z - a potion of cure mutation
Books
 K - a book of Hinderance

   Spells                             Type                      Level
   a - Confusing Touch                Hexes                        2
   b - Confuse                        Hexes                        3
   c - Petrify                        Transmutation/Earth          4
   d - Metabolic Englaciation         Hexes/Ice                    5
   e - Gell's Gravitas                Hexes/Translocation          5
   f - Summon Mana Viper              Hexes/Summoning              5
 N - a Young Poisoner's Handbook

   Spells                             Type                      Level
   a - Sting                          Conjuration/Poison           1
   b - Cure Poison                    Poison                       2
   c - Mephitic Cloud                 Conjuration/Poison/Air       3
   d - Olgreb's Toxic Radiance        Poison                       4
   e - Venom Bolt                     Conjuration/Poison           5
Miscellaneous
 g - a phial of floods
Comestibles
 d - 9 bread rations


   Skills:
 + Level 9.0 Fighting
   Level 1.0 Short Blades
   Level 1.3(5.8) Maces & Flails
 + Level 9.0(9.1) Staves
   Level 2.0(2.5) Slings
 + Level 2.1(2.5) Throwing
 + Level 9.8 Dodging
 - Level 1.0 Stealth
   Level 1.0 Shields
 + Level 4.3 Spellcasting
 + Level 4.2 Conjurations
   Level 1.0 Summonings
 + Level 2.2 Air Magic
 + Level 5.1 Poison Magic
 + Level 1.2 Evocations


You had 15 spell levels left.
You knew the following spells:

 Your Spells              Type           Power        Failure   Level  Hunger
a - Sting                 Conj/Pois      ###.         11%         1    #......
b - Mephitic Cloud        Conj/Pois/Air  ###.....     34%         3    ###....


Dungeon Overview and Level Annotations

Branches:
Dungeon (11/15)            Temple (1/1) D:4            Lair (0/8) D:11
    Orc (0/4) D:10

Altars:
Ashenzari
Cheibriados
Dithmenos
Elyvilon
Fedhas
Gozag
Kikubaaqudgha
Makhleb
Nemelex Xobeh
Okawaru
Qazlal
Ru
Sif Muna
Trog
Vehumet
Xom
Yredelemnul
Zin
The Shining One

Portals:
Trove: D:10 (give 21 scrolls of identify)


Innate Abilities, Weirdness & Mutations

You have a pair of small antennae on your head.
You have large cloven feet.
Scrolls take you a little longer to read.
You are dopey. (Int -2)
You are robust (+10% HP).
Your spells are a little harder to cast, but a little more powerful.
You evolve.


Message History

Okay, then.
Drink which item? (? for menu, Esc to quit)
You feel much better. The white ugly thing misses you.
The white ugly thing completely misses you.
Evoke which item? (* to show all) (? for menu, Esc to quit)
Zapping:
I - a wand of slowing (will waste charges)
Press: ? - help, Shift-Dir - straight line, f/p - white ugly thing
Aim: a white ugly thing (lightly wounded, berserk, fast, unusually strong, chance 38%)
The white ugly thing resists with some effort.
Evoking this partially-identified wand wasted a few charges.
The white ugly thing trunk-slaps you!
* * * LOW HITPOINT WARNING * * *
The white ugly thing freezes you!
* * * LOW HITPOINT WARNING * * *
Drink which item? (? for menu, Esc to quit)
You feel much better. The white ugly thing trunk-slaps you!!
* * * LOW HITPOINT WARNING * * *
The white ugly thing freezes you!
You die...
Xom snickers!

#### ### ...#### ........#
......# .........# ......#
#.........# .###..#
#.........# .# #..#
#.........# .. .###..#
#.........#... .....§#
#......)..'.... ......#
#.....@u..# ......#
#.......### .###..#
#.......# .# #.§#
##.......#. .###..#
#............ ......#
#.########... ......#
#.............. ......#
##..######.......
.###..###...........#....#


You could see a white ugly thing (berserk).

Vanquished Creatures
  Gastronok (D:10)
  A hill giant (D:9)
  An unseen horror (D:11)
  A cyclops (D:11)
  2 ugly things (D:11)
  Maurice (D:8)
  A centaur zombie (D:11)
  A torpor snail (shapeshifter) (D:11)
  2 kobold demonologists (D:11)
  A two-headed ogre (shapeshifter) (D:10)
  3 trolls
  A basilisk (D:11)
  A spriggan (D:8)
  Eustachio (D:8)
  6 yaks (D:11)
  A hungry ghost (D:9)
  A mottled dragon (D:8)
  5 hippogriffs
  A soldier ant (D:11)
  7 sky beasts
  A phantom (D:8)
  A black bear (D:9)
  An orc warrior (D:10)
  An ice beast (D:10)
  A wasp (D:8)
  A necrophage (D:10)
  2 ogres
  4 centaurs
  A crocodile (D:11)
  3 big kobolds (D:11)
  Blork the orc (D:8)
  4 giant frogs
  A scorpion (D:8)
  2 jellies
  2 yak zombies (D:11)
  2 goliath beetles
  A quasit (D:11)
  A giant frog zombie (D:11)
  7 hounds
  2 crimson imps
  A giant frog skeleton (D:10)
  7 orc wizards
  Crazy Yiuf (D:3)
  2 orc priests
  2 centaur skeletons
  2 iron imps
  6 iguanas
  10 worker ants
  3 sheep (D:11)
  Ijyb (D:2)
  5 hound zombies
  3 mummies
  A hound skeleton (D:5)
  A worker ant zombie (D:9)
  4 gnolls (D:5)
  5 shadow imps
  7 adders
  2 giant mites
  4 worms
  2 ufetubi (D:11)
  3 orc zombies (D:11)
  An adder skeleton (D:9)
  4 giant geckos
  An ooze (D:2)
  49 orcs
  2 ball pythons
  13 bats
  4 giant cockroaches
  21 goblins
  19 hobgoblins
  30 kobolds
  8 quokkas
  A giant gecko zombie (D:5)
  A giant newt (shapeshifter) (D:8)
  7 giant newts
  2 giant spores
  4 jackals (D:4)
  14 rats
  5 ballistomycetes
336 creatures vanquished.

Vanquished Creatures (collateral kills)
  Fannar (D:10)
  An orc wizard (D:11)
  An orc (D:11)
  A kobold (D:10)
4 creatures vanquished.

Vanquished Creatures (others)
  A troll (D:8)
  A crimson imp (D:8)
  A giant spore (D:6)
  A butterfly (D:11)
  A plant (D:11)
5 creatures vanquished.

Grand Total: 345 creatures vanquished

Notes
Turn   | Place    | Note
--------------------------------------------------------------
     0 | D:1      | Fusha, the Human Wanderer, began the quest for the Orb.
     0 | D:1      | Fusha set off with: a +2 leather armour, a +0 short sword, a potion of curing, a bread ration
     0 | D:1      | Reached XP level 1. HP: 16/16 MP: 1/1
   299 | D:1      | Reached XP level 2. HP: 23/23 MP: 2/2
   745 | D:1      | Reached skill level 3 in Fighting
   895 | D:1      | Reached XP level 3. HP: 26/29 MP: 3/3
  1651 | D:2      | Reached XP level 4. HP: 7/35 MP: 4/4
  1979 | D:2      | Reached skill level 1 in Maces & Flails
  2217 | D:2      | Reached skill level 1 in Throwing
  2305 | D:2      | Noticed Ijyb
  2344 | D:2      | Killed Ijyb
  2344 | D:2      | Reached XP level 5. HP: 35/41 MP: 5/5
  3181 | D:3      | Noticed Crazy Yiuf
  3184 | D:3      | Paralysed by Crazy Yiuf for 4 turns
  3193 | D:3      | Killed Crazy Yiuf
  3858 | D:4      | Reached XP level 6. HP: 48/48 MP: 7/7
  3915 | D:4      | Found a staircase to the Ecumenical Temple.
  3973 | D:4      | Reached skill level 4 in Fighting
  4017 | D:5      | Entered Level 5 of the Dungeon
  5106 | Temple   | Entered the Ecumenical Temple
  5222 | Temple   | Became a worshipper of Xom of Chaos
  5627 | D:4      | Reached XP level 7. HP: 55/55 MP: 8/8
  5971 | D:4      | XOM: harmless Erth miscast
  6031 | D:4      | Reached skill level 5 in Dodging
  6316 | D:5      | Reached skill level 5 in Fighting
  6317 | D:5      | XOM: cast spell 'Confusing Touch'
  6327 | D:5      | XOM: divination: detect items
  6338 | D:5      | XOM: cast spell 'Dispersal'
  6494 | D:5      | Reached skill level 1 in Staves
  6631 | D:5      | XOM is BORED!
  6631 | D:5      | XOM: noise
  6755 | D:6      | Reached XP level 8. HP: 57/62 MP: 9/9
  6802 | D:6      | XOM: divination: detect items
  6812 | D:6      | XOM: mild Necr miscast
  6923 | D:6      | Noticed a hippogriff
  6934 | D:6      | Killed a hippogriff
  6934 | D:6      | Reached skill level 1 in Slings
  6934 | D:6      | Reached skill level 6 in Dodging
  7219 | D:7      | Found a stormy altar of Qazlal.
  7223 | D:7      | Noticed an air elemental
  7244 | D:7      | XOM: harmless Conj miscast
  7245 | D:7      | Learned a level 1 spell: Sting
  7249 | D:7      | Learned a level 3 spell: Mephitic Cloud
  7321 | D:7      | Identified a scroll of acquirement
  7484 | D:7      | XOM: harmless Conj miscast
  7798 | D:8      | XOM: god gift: scroll labeled FUEPUDDOMA
  7852 | D:8      | Reached skill level 1 in Conjurations
  7899 | D:8      | Noticed Eustachio
  7907 | D:8      | XOM: enchant monster (good)
  7940 | D:8      | Killed Eustachio
  7940 | D:8      | Reached skill level 1 in Spellcasting
  8052 | D:8      | Noticed a spriggan
  8063 | D:8      | Killed a spriggan
  8063 | D:8      | Reached XP level 9. HP: 66/69 MP: 8/13
  8095 | D:8      | Noticed Blork the orc
  8125 | D:8      | Killed Blork the orc
  8237 | D:8      | XOM: harmless Trmt miscast
  8242 | D:8      | XOM: polymorph ogre -> mottled dragon
  8243 | D:8      | XOM: confuse monster(s)
  8341 | D:8      | Noticed Maurice
  8366 | D:8      | XOM: confuse monster(s)
  8370 | D:8      | XOM: summons friendly quasit
  8374 | D:8      | Killed Maurice
  8519 | D:8      | XOM: cast spell 'Flight'
  9318 | D:9      | Noticed a troll
  9322 | D:9      | Noticed a troll
  9339 | D:8      | Killed a troll
  9339 | D:8      | XOM: divine lightning (protected)
  9369 | D:8      | XOM: swap monsters
  9378 | D:8      | XOM: confuse monster(s)
  9385 | D:8      | Killed a troll
  9385 | D:8      | Reached skill level 7 in Dodging
  9559 | D:9      | XOM: smoke on damage
  9742 | D:9      | XOM: silly message
  9761 | D:9      | Reached XP level 10. HP: 53/77 MP: 18/18
  9906 | D:9      | XOM: silly message
  9911 | D:9      | Reached skill level 5 in Staves
  9985 | D:9      | XOM: divination: magic mapping
 10105 | D:9      | Noticed a hill giant
 10142 | D:9      | Killed a hill giant
 10157 | D:9      | XOM: silly message
 10776 | D:9      | XOM: colour smoke trail
 10819 | D:10     | Entered Level 10 of the Dungeon
 10833 | D:10     | XOM: smoke on damage
 10909 | D:10     | Reached skill level 8 in Dodging
 10985 | D:10     | Noticed Gastronok
 10994 | D:10     | XOM: noise
 10998 | D:10     | XOM: summons friendly iron imp
 11001 | D:10     | XOM: confusion
 11004 | D:10     | Killed Gastronok
 11004 | D:10     | Reached skill level 1 in Air Magic
 11322 | D:10     | Found a portal to a secret trove of treasure.
 11602 | D:10     | Found a staircase to the Orcish Mines.
 11651 | D:10     | XOM: swap monsters
 11662 | D:10     | Paralysed by a big kobold for 7 turns
 11675 | D:10     | Reached XP level 11. HP: 76/84 MP: 21/21
 11905 | D:10     | Noticed Fannar
 11914 | D:10     | Killed Fannar
 11934 | D:10     | XOM: noise
 11997 | D:10     | Reached skill level 9 in Dodging
 12238 | D:10     | XOM: give mutations
 12238 | D:10     | Gained mutation: You have a pair of small antennae on your head. [Xom's grace]
 12238 | D:10     | Gained mutation: You have large cloven feet. [Xom's grace]
 12238 | D:10     | Gained mutation: You are robust (+10% HP). [Xom's grace]
 12277 | D:10     | XOM: harmless Divn miscast
 12485 | D:11     | XOM: polymorph trapdoor spider -> torpor snail
 12552 | D:11     | XOM: silly message
 12570 | D:11     | XOM: confusion (+ monsters)
 12571 | D:11     | XOM: silly message
 12578 | D:11     | XOM: harmless Divn miscast
 12608 | D:11     | XOM: blink monster(s)
 12690 | D:11     | XOM: smoke on damage
 12892 | D:11     | Noticed an unseen horror
 12902 | D:11     | Killed an unseen horror
 12970 | D:11     | Noticed a cyclops
 12982 | D:11     | XOM: chaos cloud
 13073 | D:10     | XOM: give mutations
 13073 | D:10     | Gained mutation: You are dopey. (Int -2) [Xom's mischief]
 13073 | D:10     | Lost mutation: You are dopey. (Int -2) [Xom's mischief]
 13073 | D:10     | Gained mutation: You evolve. [Xom's mischief]
 13275 | D:11     | XOM: noise
 13311 | D:10     | XOM: smoke on damage
 13324 | D:10     | XOM: noise
 13440 | D:10     | XOM: stat loss: -1 Str (16/17)
 13611 | D:11     | Reached skill level 5 in Poison Magic
 13623 | D:11     | XOM: 2-stop teleportation journey
 13657 | D:11     | XOM: blink monster(s)
 13706 | D:11     | XOM: 2-stop teleportation journey
 13707 | D:11     | Noticed a brown ugly thing
 13720 | D:11     | Killed a brown ugly thing
 13851 | D:11     | XOM: summons 3 hostile shadow creatures
 13856 | D:11     | XOM: mild Trmt miscast
 14036 | D:11     | Gained mutation: You are dopey. (Int -2) [evolution]
 14092 | D:11     | XOM: mild Hex miscast
 14147 | D:11     | Found a staircase to the Lair.
 14177 | D:11     | Killed a cyclops
 14184 | D:11     | Noticed a cyan ugly thing
 14192 | D:11     | XOM: noise
 14202 | D:11     | Killed a cyan ugly thing
 14202 | D:11     | Reached XP level 12. HP: 80/103 MP: 23/23
 14469 | D:11     | XOM: give mutations
 14469 | D:11     | Gained mutation: Scrolls take you a little longer to read. [Xom's mischief]
 14469 | D:11     | Gained mutation: Your spells are a little harder to cast, but a little more powerful. [Xom's mischief]
 14690 | D:11     | XOM: colour smoke trail
 14799 | D:11     | XOM: mild Trmt miscast
 14802 | D:11     | HP: 1/104 [white ugly thing (35)]
 14805 | D:11     | Slain by a white ugly thing

Action                   |  1- 3 |  4- 6 |  7- 9 | 10-12 || total
-------------------------+-------+-------+-------+-------++-------
Melee: Short sword       |    30 |       |       |       ||    30
       Mace              |    80 |   307 |       |       ||   387
       Dagger            |       |    12 |       |       ||    12
       Quarterstaff      |       |     4 |   315 |   515 ||   834
 Fire: Hunting sling     |       |       |    21 |       ||    21
Throw: Stone             |    39 |    34 |     1 |       ||    74
       Javelin           |       |       |       |     4 ||     4
 Cast: Sting             |       |       |    60 |    19 ||    79
       Mephitic Cloud    |       |       |       |    12 ||    12
Evoke: Wand              |       |       |       |     6 ||     6
  Use: Scroll            |       |    10 |     8 |     3 ||    21
       Potion            |       |     3 |       |     3 ||     6
 Stab: Sleeping          |     2 |     3 |     3 |       ||     8
       Paralysed         |       |       |     4 |     8 ||    12
       Petrifying        |       |       |     1 |     2 ||     3
       Petrified         |       |       |     1 |     5 ||     6
       Distracted        |       |       |     1 |       ||     1
       Confused          |       |       |     3 |     3 ||     6
  Eat: Pizza             |     1 |     1 |       |     9 ||    11
       Beef jerky        |     1 |       |     1 |       ||     2
       Royal jelly       |       |     1 |       |       ||     1
       Meat ration       |       |     1 |     3 |     1 ||     5
       Bread ration      |       |     1 |       |       ||     1
       Fruit             |       |       |       |     4 ||     4
